Map: [ESL] Goldenaura

Players

Scarlett

  • Race: Zerg Zerg
  • Spawn Location: 12:00

HeroMarine - Winner!

  • Race: Terran Terran
  • Spawn Location: 5:00

Event: IEM Katowice 2024

VOD

Have the link to the VOD?

Description

Time

  • Played on: Feb. 9, 2024, 8:03 a.m.
  • Length: 11:46

All games in this series

Show
View Real Time Build Order
Export as new Build Order

Scarlett Zerg 

Build Orders: Hatch First 

Get SALT Encoding   

  12  0:00  Drone  
  13  0:12  Overlord  
  13  0:16  Drone  
  14  0:30  Drone x2  
  16  0:47  Hatchery  
  15  0:50  Drone  
  15  0:54  Drone  
  17  0:57  Drone  
  18  1:06  Drone  
  18  1:08  Extractor  
  18  1:15  Spawning Pool  
  17  1:19  Drone  
  18  1:27  Drone  
  19  1:38  Drone  
  20  1:48  Drone  
  21  2:02  Zergling x4, Queen x2  
  27  2:10  Drone  
  27  2:14  Hatchery  
  27  2:19  Overlord  
  27  2:26  Drone  
  28  2:37  Drone x2  
  28  2:38  Drone  
  28  2:41  Queen  
  32  2:45  Metabolic Boost  
  32  2:48  Overlord  
  32  2:52  Drone  
  32  2:54  Drone  
  32  2:55  Drone  
  35  3:06  Queen, Overlord  
  35  3:09  Drone  
  35  3:10  Drone  
  39  3:14  Drone x2  
  41  3:25  Queen  
  43  3:27  Drone x4  
  43  3:33  Queen  
  49  3:37  Drone  
  49  3:38  Drone  
  49  3:40  Drone  
  49  3:41  Drone  
  53  3:45  Drone x2  
  53  3:47  Drone x2  
  57  3:50  Overlord  
  54  4:03  Drone x3  
  57  4:11  Overlord  
  57  4:12  Drone x4  
  61  4:17  Drone  
  61  4:18  Drone x2  
  61  4:19  Lair  
  61  4:20  Overlord  
  64  4:24  Extractor  
  64  4:26  Extractor, Roach Warren  
  64  4:29  Overlord  
  61  4:31  Drone x2  
  61  4:35  Drone x2  
  61  4:38  Drone, Overlord  
  65  4:39  Drone  
  65  4:41  Drone x2  
  65  4:43  Drone  
  65  4:44  Drone  
  71  4:47  Drone x3  
  71  4:52  Extractor  
  73  4:54  Drone x3  
  73  4:55  Extractor  
  73  4:57  Queen  
  77  5:01  Zergling x4  
  77  5:04  Overlord  
  77  5:09  Zergling x8  
  77  5:13  Drone  
  82  5:15  Pneumatized Carapace  
  82  5:20  Overlord x2  
  82  5:24  Glial Reconstitution, Roach x6  
  94  5:31  Overlord  
  94  5:32  Overlord x2  
  94  5:38  Roach x2  
  98  5:45  Roach x4  
  106  5:51  Roach x2  
  108  5:59  Spore Crawler  
  108  6:00  Roach x6  
  115  6:05  Roach x2  
  115  6:09  Spore Crawler  
  118  6:14  Roach x3  
  118  6:15  Ravager x2  
  128  6:18  Roach  
  128  6:37  Roach x2  
  127  6:40  Ravager  
  127  6:41  Roach x2  
  127  6:45  Overlord  
  125  6:49  Overlord  
  120  6:59  Roach x3  
  118  7:03  Roach x8  
  119  7:09  Roach x4  
  119  7:11  Drone  
  119  7:15  Ravager x2  
  124  7:19  Drone  
  124  7:20  Drone  
  122  7:23  Ravager  
  113  7:31  Ravager  
  113  7:32  Drone x7  
  111  7:38  Drone  
  111  7:40  Queen x2  
  111  7:41  Evolution Chamber  
  111  7:42  Queen  
  111  7:43  Ravager  
  114  7:51  Overlord  
  114  7:55  Ravager x2  
  114  7:56  Drone x4  
  110  8:08  Drone  
  110  8:09  Drone x3  
  106  8:13  Hatchery  
  106  8:15  Queen  
  106  8:16  Queen  
  106  8:18  Infestation Pit, Queen  
  106  8:19  Extractor  
  109  8:22  Roach x3  
  115  8:27  Zerg Missile Weapons Level 1  
  115  8:30  Overlord x3  
  115  8:35  Overlord x2  
  115  8:46  Overlord  
  115  8:50  Overlord x4  
  115  8:59  Roach x7  
  127  9:04  Roach  
  127  9:09  Overlord  
  127  9:12  Infestor  
  127  9:13  Infestor x2  
  127  9:15  Burrow  
  133  9:18  Roach  
  133  9:22  Ravager x3  
  133  9:23  Overlord  
  134  9:25  Ravager  
  134  9:26  Drone x5  
  138  9:32  Drone x5  
  141  9:38  Roach  
  141  9:40  Ravager  
  141  9:41  Ravager x2  
  141  9:42  Ravager  
  141  9:43  Drone x3  
  141  9:44  Extractor  
  147  9:46  Drone x4  
  147  9:47  Extractor  
  147  9:51  Overlord  
  150  9:52  Overlord  
  150  9:55  Roach x4  
  150  9:58  Zergling x2  
  159  10:05  Roach x4  
  167  10:08  Roach x3  
  167  10:13  Spore Crawler, Hatchery  
  171  10:21  Evolution Chamber  
  170  10:24  Roach x6  
  178  10:30  Roach x6  
  190  10:36  Roach x12  
  190  10:42  Roach x4  
  166  10:49  Roach x5, Ravager x2  
  178  10:56  Roach x6  
  172  10:58  Roach x14  
  172  11:00  Roach, Ravager  
  170  11:05  Roach  
  170  11:09  Roach  
  163  11:11  Roach  
  155  11:18  Roach x6  
  155  11:19  Ravager  
  155  11:23  Roach x3  
  154  11:26  Roach x2  
Show
View Real Time Build Order
Export as new Build Order

HeroMarine Terran - Winner!

Build Orders: Reaper Expand, Mech 

Get SALT Encoding   

  12  0:00  SCV  
  13  0:12  SCV  
  14  0:17  Supply Depot  
  14  0:24  SCV  
  15  0:38  SCV  
  15  0:40  Barracks  
  16  0:44  Refinery  
  16  0:50  SCV  
  17  1:03  SCV  
  18  1:15  SCV  
  19  1:27  Orbital Command, Reaper  
  20  1:39  Command Center  
  20  1:48  Supply Depot  
  20  1:52  SCV  
  21  1:59  Marine  
  22  2:05  SCV  
  23  2:10  Factory  
  23  2:17  SCV  
  23  2:21  Barracks Reactor  
  24  2:29  SCV  
  25  2:36  Command Center  
  25  2:41  SCV  
  26  2:50  Orbital Command  
  26  2:53  SCV  
  26  2:58  Starport  
  27  3:05  SCV  
  28  3:07  Refinery  
  28  3:09  Hellion  
  28  3:12  Hellion  
  32  3:20  SCV x2  
  34  3:30  Cyclone  
  34  3:32  SCV x2  
  34  3:33  Cyclone  
  40  3:44  SCV x2  
  42  3:48  Viking, Orbital Command  
  44  3:56  SCV  
  44  3:57  SCV  
  45  4:03  Hellion  
  45  4:06  Hellion  
  45  4:08  SCV  
  45  4:09  SCV  
  47  4:12  Factory  
  47  4:16  SCV  
  48  4:19  Refinery  
  48  4:21  SCV x2  
  50  4:24  Refinery  
  50  4:28  SCV  
  50  4:29  Liberator, Supply Depot  
  54  4:33  Hellion x2, SCV x2  
  60  4:40  SCV, Supply Depot  
  60  4:44  Barracks Tech Lab  
  61  4:50  SCV x2  
  61  4:52  SCV, Supply Depot  
  64  4:56  Hellion x2  
  64  4:59  Factory  
  68  5:02  SCV x2  
  68  5:03  Supply Depot  
  68  5:04  SCV  
  71  5:08  Hurricane Engines  
  71  5:09  Cyclone  
  73  5:17  Hellion x2  
  73  5:20  Starport Reactor  
  77  5:21  SCV x2  
  77  5:22  Orbital Command  
  79  5:33  SCV x2  
  81  5:38  Cyclone x2  
  87  5:44  Refinery  
  87  5:45  SCV x2  
  87  5:47  Factory, Refinery  
  87  5:49  Factory  
  89  5:52  Siege Tank  
  89  5:53  SCV  
  91  5:57  SCV  
  91  6:01  Supply Depot  
  91  6:02  Supply Depot, SCV  
  93  6:05  SCV  
  93  6:08  Cyclone  
  93  6:09  Cyclone  
  98  6:14  SCV x2  
  98  6:17  SCV  
  101  6:24  Siege Tank, Cyclone  
  106  6:26  SCV x2  
  106  6:28  Cyclone  
  106  6:32  Cyclone x2  
  105  6:43  Cyclone x2  
  89  6:56  Cyclone x2  
  89  7:00  Cyclone  
  80  7:03  SCV  
  80  7:04  Cyclone  
  80  7:05  SCV  
  71  7:11  Orbital Command  
  72  7:18  Cyclone  
  73  7:23  SCV x2  
  73  7:24  Cyclone x2  
  77  7:33  Cyclone  
  77  7:35  SCV x2  
  79  7:42  Cyclone  
  79  7:43  SCV  
  76  7:47  SCV x2  
  76  7:48  Orbital Command  
  76  7:51  Cyclone  
  77  7:59  Cyclone x2, SCV x2  
  77  8:03  Cyclone  
  81  8:11  SCV x2  
  81  8:12  Siege Tank  
  84  8:13  SCV  
  84  8:18  Cyclone  
  83  8:23  SCV x2  
  83  8:25  SCV  
  83  8:26  Hellion x2  
  90  8:35  Hellion, SCV  
  90  8:40  Supply Depot  
  90  8:41  SCV x2  
  95  8:44  Siege Tank  
  95  8:47  Factory Tech Lab x2, SCV  
  99  8:51  Hellion  
  101  9:02  Hellion, SCV x3  
  106  9:06  Armory  
  104  9:10  Siege Tank  
  104  9:11  Refinery  
  104  9:12  Refinery  
  104  9:14  SCV x3  
  104  9:15  Hellion  
  108  9:23  Supply Depot  
  108  9:24  Siege Tank, Hellion  
  113  9:26  SCV x2  
  113  9:27  SCV, Supply Depot  
  114  9:31  Siege Tank  
  114  9:38  SCV  
  116  9:44  Siege Tank  
  116  9:45  Supply Depot  
  119  9:50  Cyclone  
  119  9:51  Supply Depot  
  121  9:53  Cyclone  
  121  9:56  Siege Tank  
  126  10:00  Cyclone  
  126  10:02  Cyclone  
  130  10:07  Siege Tank  
  130  10:11  Supply Depot x2  
  133  10:23  Siege Tank  
  133  10:24  Hellion  
  133  10:26  Hellion, Supply Depot  
  133  10:28  Siege Tank  
  143  10:32  Hellion  
  145  10:39  Siege Tank  
  145  10:41  Cyclone  
  134  10:45  Cyclone  
  134  10:47  Cyclone  
  138  10:53  Cyclone  
  138  10:55  Cyclone  
  132  11:00  Cyclone  
  123  11:12  Hellion  
  123  11:13  Hellion  
  123  11:16  Command Center  
  123  11:17  Hellion  
  119  11:19  Hellion  

Tags
 
Add a new tag
Caveats
  • Supply blocks, unpowered buildings, or Contaminate may cause inaccurate times.
  • Supply counts are checked every 10 seconds.